TOP OF THE 1ST |
Key West Barracudas batting - Pitching for Gainesville Guidos : RHP John Jones
|
Pitching: RHP John Jones
|
|
Batting: RHB Richard Sanders
|
0-0: Called Strike 0-1: Ball 1-1: SINGLE (Groundball, 6MD)
|
Batting: RHB Carlos Bravo
|
0-0: Ball 1-0: Ball 2-0: Ball 3-0: Called Strike 3-1: Called Strike 3-2: Strikes out swinging Richard Sanders steals 2nd base Batter strikes out.
|
Batting: SHB Cory Campbell
|
0-0: Called Strike 0-1: Called Strike 0-2: Foul Ball, location: 2F 0-2: Ball 1-2: Strikes out swinging
|
Batting: RHB Jorge Hernández
|
0-0: Ball 1-0: Foul Ball, location: 2F 1-1: Called Strike 1-2: Strikes out swinging
|
Top of the 1st over - 0 run(s), 1 hit(s), 0 error(s), 1 left on base; Key West 0 - Gainesville 0 |
BOTTOM OF THE 1ST |
Gainesville Guidos batting - Pitching for Key West Barracudas : RHP Lawrence Fish
|
Pitching: RHP Lawrence Fish
|
|
Batting: LHB Eddy Jefferson
|
0-0: Ball 1-0: Ball 2-0: Called Strike 2-1: SINGLE (Groundball, 34D)
|
Batting: RHB Doug Coleman
|
0-0: Called Strike 0-1: Foul Ball, location: 2F 0-2: Strikes out looking
|
Batting: RHB Lynn Ford
|
0-0: Swinging Strike 0-1: Ball 1-1: Foul Ball, location: 2F 1-2: Ball 2-2: Ball 3-2: Strikes out looking Eddy Jefferson steals 2nd base Batter strikes out.
|
Batting: RHB Kyle O'Day
|
0-0: Called Strike 0-1: Ball 1-1: Ball 2-1: Ball 3-1: Foul Ball, location: 2F 3-2: Base on Balls
|
Batting: LHB Pedro Juárez
|
0-0: Foul Ball, location: 2F 0-1: Ball 1-1: Ball 2-1: Fly out, F9 (Line Drive, 9)
|
Bottom of the 1st over - 0 run(s), 1 hit(s), 0 error(s), 2 left on base; Key West 0 - Gainesville 0 |
TOP OF THE 2ND |
Key West Barracudas batting - Pitching for Gainesville Guidos : RHP John Jones
|
Batting: LHB Daniel Byrd
|
0-0: Called Strike 0-1: DOUBLE (Flyball, 7LM)
|
Batting: LHB Víctor Acevedo
|
0-0: Ball 1-0: Called Strike 1-1: Foul Ball, location: 2F 1-2: Ground out 6-3 (Groundball, 6)
|
Batting: RHB Carlos Miranda
|
0-0: Ball 1-0: Foul Ball, location: 2F 1-1: Ball 2-1: Foul Ball, location: 2F 2-2: Ball 3-2: Strikes out looking
|
Batting: SHB Héctor Padilla
|
0-0: Ball 1-0: Fly out, F9 (Flyball, 89M)
|
Top of the 2nd over - 0 run(s), 1 hit(s), 0 error(s), 1 left on base; Key West 0 - Gainesville 0 |
BOTTOM OF THE 2ND |
Gainesville Guidos batting - Pitching for Key West Barracudas : RHP Lawrence Fish
|
Batting: SHB Will Evans
|
0-0: Called Strike 0-1: Bunt for hit - play at first, batter safe!
|
Batting: RHB Claudio Gonzáles
|
0-0: Called Strike Will Evans steals 2nd base 0-1: Ball 1-1: Ball 2-1: Ball 3-1: Foul Ball, location: 2F 3-2: Strikes out swinging
|
Batting: RHB Greg Lee
|
0-0: Foul Ball, location: 2F 0-1: Ball 1-1: SINGLE (Flyball, 9LS) Will Evans to third Runner from 3rd tries for Home, SAFE, no throw
|
Batting: RHB Júlio Galló
|
0-0: Ball 1-0: Ball 2-0: Called Strike 2-1: SINGLE (Line Drive, 8LS) Greg Lee to second
|
Batting: LHB Eddy Jefferson
|
0-0: Called Strike 0-1: Ball 1-1: Ball 2-1: Fly out, F2 (Popup, 25)
|
Batting: RHB Doug Coleman
|
0-0: Foul Ball, location: 2F 0-1: Foul Ball, location: 2F 0-2: Strikes out looking
|
Bottom of the 2nd over - 1 run(s), 3 hit(s), 0 error(s), 2 left on base; Key West 0 - Gainesville 1 |
TOP OF THE 3RD |
Key West Barracudas batting - Pitching for Gainesville Guidos : RHP John Jones
|
Batting: LHB Motoki Hirata
|
0-0: Foul Ball, location: 2F 0-1: Swinging Strike 0-2: Ball 1-2: Strikes out swinging
|
Batting: RHB Richard Sanders
|
0-0: Ball 1-0: Fly out, F7 (Flyball, 7)
|
Batting: RHB Carlos Bravo
|
0-0: Ball 1-0: Ball 2-0: Ball 3-0: Swinging Strike 3-1: Foul Ball, location: 2F 3-2: Foul Ball, location: 2F 3-2: Foul Ball, location: 2F 3-2: Strikes out swinging
|
Top of the 3rd over - 0 run(s), 0 hit(s), 0 error(s), 0 left on base; Key West 0 - Gainesville 1 |
BOTTOM OF THE 3RD |
Gainesville Guidos batting - Pitching for Key West Barracudas : RHP Lawrence Fish
|
Batting: RHB Lynn Ford
|
0-0: Ball 1-0: Fly out, F6 (Popup, 6D)
|
Batting: RHB Kyle O'Day
|
0-0: Called Strike 0-1: Fly out, F9 (Flyball, 9LM)
|
Batting: LHB Pedro Juárez
|
0-0: Ball 1-0: Called Strike 1-1: Ball 2-1: Foul Ball, location: 2F 2-2: Foul Ball, location: 2F 2-2: SINGLE (Groundball, 34D)
|
Batting: SHB Will Evans
|
0-0: Ball 1-0: Fly out, F6 (Popup, 6S)
|
Bottom of the 3rd over - 0 run(s), 1 hit(s), 0 error(s), 1 left on base; Key West 0 - Gainesville 1 |
TOP OF THE 4TH |
Key West Barracudas batting - Pitching for Gainesville Guidos : RHP John Jones
|
Batting: SHB Cory Campbell
|
0-0: Called Strike 0-1: Ball 1-1: Ball 2-1: Ball 3-1: Base on Balls
|
Batting: RHB Jorge Hernández
|
0-0: Called Strike 0-1: Ball 1-1: Ball 2-1: Swinging Strike 2-2: Ball Wild Pitch! Cory Campbell to second 3-2: Strikes out swinging
|
Batting: LHB Daniel Byrd
|
0-0: Fly out, F7 (Flyball, 78M)
|
Batting: LHB Víctor Acevedo
|
0-0: Ball 1-0: Ground out U3 (Groundball, 3)
|
Top of the 4th over - 0 run(s), 0 hit(s), 0 error(s), 1 left on base; Key West 0 - Gainesville 1 |
BOTTOM OF THE 4TH |
Gainesville Guidos batting - Pitching for Key West Barracudas : RHP Lawrence Fish
|
Batting: RHB Claudio Gonzáles
|
0-0: Called Strike 0-1: Foul Ball, location: 2F 0-2: Ball 1-2: Ball 2-2: Foul Ball, location: 2F 2-2: Fly out, F8 (Line Drive, 8LD)
|
Batting: RHB Greg Lee
|
0-0: Ball 1-0: Ball 2-0: Called Strike 2-1: Ball 3-1: Foul Ball, location: 2F 3-2: Strikes out swinging
|
Batting: RHB Júlio Galló
|
0-0: Called Strike 0-1: Ball 1-1: Single, Error in OF, E8, batter to second base
|
Pitching: RHP Gabe Lewis
|
|
Batting: LHB Eddy Jefferson
|
0-0: Called Strike 0-1: Ball 1-1: SINGLE (Groundball, 56D) Júlio Galló to third Runner from 3rd tries for Home, SAFE, no throw
|
Batting: RHB Doug Coleman
|
0-0: Called Strike 0-1: Called Strike 0-2: Foul Ball, location: 2F 0-2: Foul Ball, location: 2F 0-2: Fly out, F8 (Line Drive, 8LS)
|
Bottom of the 4th over - 1 run(s), 2 hit(s), 1 error(s), 1 left on base; Key West 0 - Gainesville 2 |
TOP OF THE 5TH |
Key West Barracudas batting - Pitching for Gainesville Guidos : RHP John Jones
|
Batting: RHB Carlos Miranda
|
0-0: Called Strike 0-1: Foul Ball, location: 2F 0-2: Strikes out swinging
|
Batting: SHB Héctor Padilla
|
0-0: SOLO HOME RUN (Flyball, 89XD), Distance : 392 ft
|
Batting: LHB Motoki Hirata
|
0-0: Ball 1-0: Ball 2-0: Fly out, F8 (Flyball, 8RD)
|
Batting: RHB Richard Sanders
|
0-0: Foul Ball, location: 2F 0-1: Called Strike 0-2: Strikes out swinging
|
Top of the 5th over - 1 run(s), 1 hit(s), 0 error(s), 0 left on base; Key West 1 - Gainesville 2 |
BOTTOM OF THE 5TH |
Gainesville Guidos batting - Pitching for Key West Barracudas : RHP Gabe Lewis
|
Batting: RHB Lynn Ford
|
0-0: Ball 1-0: Foul Ball, location: 2F 1-1: Swinging Strike 1-2: Ball 2-2: Strikes out swinging
|
Batting: RHB Kyle O'Day
|
0-0: Called Strike 0-1: Ball 1-1: Foul Ball, location: 2F 1-2: Foul Ball, location: 2F 1-2: SINGLE (Groundball, 56D)
|
Batting: LHB Pedro Juárez
|
0-0: Called Strike 0-1: Foul Ball, location: 2F 0-2: Strikes out swinging
|
Batting: SHB Will Evans
|
0-0: Fielders Choice at 2nd, 4-6 (Groundball, 4)
|
Bottom of the 5th over - 0 run(s), 1 hit(s), 0 error(s), 0 left on base; Key West 1 - Gainesville 2 |
TOP OF THE 6TH |
Key West Barracudas batting - Pitching for Gainesville Guidos : RHP John Jones
|
Batting: RHB Carlos Bravo
|
0-0: Ball 1-0: Ball 2-0: Called Strike 2-1: SINGLE (Line Drive, 9)
|
Batting: SHB Cory Campbell
|
0-0: Ball 1-0: Ball 2-0: Called Strike 2-1: Foul Ball, location: 2F 2-2: Fielders Choice at 2nd, 4-6 (Groundball, 4)
|
Batting: RHB Jorge Hernández
|
0-0: Ball Cory Campbell steals 2nd base 1-0: Foul Ball, location: 2F 1-1: Foul Ball, location: 2F 1-2: Ball 2-2: Ground out 4-3 (Groundball, 4MD) Cory Campbell to third
|
Pitching: RHP Josh Higgins
|
|
Batting: LHB Daniel Byrd
|
0-0: Called Strike 0-1: Ball 1-1: Ground out 3-1 (Groundball, 23)
|
Top of the 6th over - 0 run(s), 1 hit(s), 0 error(s), 1 left on base; Key West 1 - Gainesville 2 |
BOTTOM OF THE 6TH |
Gainesville Guidos batting - Pitching for Key West Barracudas : RHP Gabe Lewis
|
Batting: RHB Claudio Gonzáles
|
0-0: Ball 1-0: Ball 2-0: Ball 3-0: Base on Balls
|
Batting: RHB Greg Lee
|
0-0: Called Strike 0-1: Foul Ball, location: 2F 0-2: Strikes out looking
|
Batting: RHB Júlio Galló
|
0-0: Ball 1-0: Called Strike 1-1: Foul Ball, location: 2F 1-2: Fielders Choice at 2nd, 6-4 (Groundball, 56)
|
Batting: LHB Eddy Jefferson
|
0-0: Ball 1-0: Ball 2-0: Fly out, F7 (Flyball, 7)
|
Bottom of the 6th over - 0 run(s), 0 hit(s), 0 error(s), 1 left on base; Key West 1 - Gainesville 2 |
TOP OF THE 7TH |
Key West Barracudas batting - Pitching for Gainesville Guidos : RHP Josh Higgins
|
Batting: LHB Víctor Acevedo
|
0-0: Ball 1-0: Ground out 4-3 (Groundball, 4)
|
Batting: RHB Carlos Miranda
|
0-0: Called Strike 0-1: Ball 1-1: Called Strike 1-2: Ball 2-2: Strikes out swinging
|
Batting: SHB Héctor Padilla
|
0-0: Foul Ball, location: 2F 0-1: SINGLE (Line Drive, 34D)
|
Pinch Hitting: LHB Carter Sweet
|
0-0: Called Strike 0-1: Swinging Strike 0-2: Ball 1-2: Ball 2-2: Strikes out looking
|
Top of the 7th over - 0 run(s), 1 hit(s), 0 error(s), 1 left on base; Key West 1 - Gainesville 2 |
BOTTOM OF THE 7TH |
Gainesville Guidos batting - Pitching for Key West Barracudas : RHP Gabe Lewis
|
Now at 3B: Héctor Jiménez
|
|
Batting: RHB Doug Coleman
|
0-0: Called Strike 0-1: Ball 1-1: Ball 2-1: Ball 3-1: Foul Ball, location: 2F 3-2: Base on Balls
|
Pinch Hitting: LHB Mark Owens
|
0-0: Ball 1-0: Ball 2-0: SINGLE (Groundball, 3) (infield hit) Doug Coleman to second
|
Pitching: RHP George Bennion
|
|
Batting: RHB Kyle O'Day
|
0-0: Ball 1-0: TRIPLE (Line Drive, 89D) Doug Coleman scores Mark Owens scores
|
Pinch Runner at 3rd Alfredo Díaz:
|
|
Batting: LHB Pedro Juárez
|
0-0: Intentional Walk
|
Batting: SHB Will Evans
|
0-0: Called Strike 0-1: Ball 1-1: Called Strike 1-2: Ball 2-2: Ground out 3-1 (Groundball, 2R) Pedro Juárez to second
|
Batting: RHB Claudio Gonzáles
|
0-0: Intentional Walk
|
Batting: RHB Greg Lee
|
0-0: Ball 1-0: DOUBLE (Line Drive, 89M) Alfredo Díaz scores Pedro Juárez scores Claudio Gonzáles to third
|
Batting: RHB Júlio Galló
|
0-0: Ball 1-0: Foul Ball, location: 2F 1-1: Ground out 4-3 (Groundball, 34) Claudio Gonzáles scores Greg Lee to third
|
Batting: LHB Eddy Jefferson
|
0-0: Ball 1-0: Called Strike 1-1: Ball 2-1: Ball 3-1: SINGLE (Groundball, 34) (infield hit) Greg Lee scores
|
Batting: RHB Doug Coleman
|
0-0: Ball Eddy Jefferson steals 2nd base 1-0: Foul Ball, location: 2F 1-1: SINGLE (Line Drive, 6D) Eddy Jefferson to third Runner from 3rd tries for Home, SAFE, no throw
|
Batting: LHB Mark Owens
|
0-0: Ball 1-0: Ball 2-0: Ball 3-0: Base on Balls Doug Coleman to second
|
Batting: RHB Alfredo Díaz
|
0-0: Called Strike 0-1: Foul Ball, location: 2F 0-2: Ball 1-2: Ball 2-2: Ground out 5-3 (Groundball, 56)
|
Bottom of the 7th over - 7 run(s), 5 hit(s), 0 error(s), 2 left on base; Key West 1 - Gainesville 9 |
TOP OF THE 8TH |
Key West Barracudas batting - Pitching for Gainesville Guidos : RHP Josh Higgins
|
Now in CF: Mark McDonald
|
|
Now in RF: Alfredo Díaz
|
|
Batting: RHB Richard Sanders
|
0-0: Foul Ball, location: 2F 0-1: Ball 1-1: Ground out 6-3 (Groundball, 6M)
|
Batting: RHB Carlos Bravo
|
0-0: Called Strike 0-1: Ball 1-1: Ball 2-1: Ball 3-1: Base on Balls
|
Pitching: RHP Gustavo Ávila
|
|
Batting: SHB Cory Campbell
|
0-0: Ball 1-0: Called Strike 1-1: SINGLE (Line Drive, 7LS) Carlos Bravo to second
|
Batting: RHB Jorge Hernández
|
0-0: Fly out, F9 (Flyball, 9S)
|
Batting: LHB Daniel Byrd
|
0-0: Fly out, F5 (Popup, 56S)
|
Top of the 8th over - 0 run(s), 1 hit(s), 0 error(s), 2 left on base; Key West 1 - Gainesville 9 |
BOTTOM OF THE 8TH |
Gainesville Guidos batting - Pitching for Key West Barracudas : RHP George Bennion
|
Batting: LHB Pedro Juárez
|
0-0: DOUBLE (Flyball, 9LM)
|
Batting: SHB Will Evans
|
0-0: Reached on error, E5 (Groundball, 5) Pedro Juárez to third
|
Batting: RHB Claudio Gonzáles
|
0-0: Called Strike 0-1: Foul Ball, location: 2F 0-2: Ball 1-2: Foul Ball, location: 2F 1-2: Ball 2-2: Grounds into double play, 6-4-3 (Groundball, 6) Pedro Juárez scores
|
Batting: RHB Greg Lee
|
0-0: Called Strike 0-1: SINGLE (Groundball, 6MD)
|
Pitching: RHP Dennis Grange
|
|
Batting: RHB Júlio Galló
|
0-0: Ball 1-0: Fielders Choice at 2nd, 6-4 (Groundball, 6)
|
Bottom of the 8th over - 1 run(s), 2 hit(s), 1 error(s), 0 left on base; Key West 1 - Gainesville 10 |
TOP OF THE 9TH |
Key West Barracudas batting - Pitching for Gainesville Guidos : RHP Gustavo Ávila
|
Now at C: Scott Young
|
|
Batting: LHB Víctor Acevedo
|
0-0: Called Strike 0-1: Ball 1-1: Called Strike 1-2: Strikes out swinging
|
Pitching: RHP Juan Mora
|
|
Batting: RHB Carlos Miranda
|
0-0: Ball 1-0: Called Strike 1-1: Swinging Strike 1-2: Ball 2-2: Strikes out swinging
|
Batting: SHB Héctor Padilla
|
0-0: Called Strike 0-1: Ball 1-1: Foul Ball, location: 2F 1-2: Ball 2-2: Foul Ball, location: 2F 2-2: Ball 3-2: Foul Ball, location: 2F 3-2: Foul Ball, location: 2F 3-2: Ground out 3-1 (Groundball, 34)
|
Top of the 9th over - 0 run(s), 0 hit(s), 0 error(s), 0 left on base; Key West 1 - Gainesville 10 |
|